 Dungeon Crawl Stone Soup version 0.20.1-1-g8b1a95d (webtiles) character file.

14452 polve the Bludgeoner (level 12, -1/93 HPs)
             Began as a Formicid Abyssal Knight on July 12, 2017.
             Was a Priest of Lugonu.
             Slain by a spiny frog (18 damage)
             ... on level 2 of the Lair of Beasts.
             The game lasted 00:18:36 (14628 turns).

polve the Bludgeoner (Formicid Abyssal Knight)     Turns: 14628, Time: 00:18:37

Health: -1/93      AC: 16    Str: 20    XL:     12   Next: 45%
Magic:  18/18      EV:  6    Int: 18    God:    Lugonu [***...]
Gold:   493        SH:  5    Dex: 10    Spells: 11/11 levels left

rFire    . . .     SeeInvis +   G - +1 flail (crush)
rCold    . . .     Gourm    .   (no shield)
rNeg     . . .     Faith    .   g - +0 plate armour
rPois    +         Spirit   .   (helmet unavailable)
rElec    .         Reflect  +   s - +0 cloak
rCorr    .         Harm     .   m - +0 pair of gloves
MR       +....                  (no boots)
Stlth    ..........             h - +5 amulet of reflection
Regen    0.3/turn               B - +4 ring of intelligence (curse)
MPRegen  0.2/turn               l - ring of poison resistance

@: lethally poisoned (-1 -> -9)
A: permanent stasis, dig shafts and tunnels, four strong arms, antennae 3
a: Dig, Shaft Self, Depart the Abyss, Bend Space, Banish, Renounce Religion


You were on level 2 of the Lair of Beasts.
You worshipped Lugonu.
Lugonu was most pleased with you.
You were not hungry.

You visited 2 branches of the dungeon, and saw 12 of its levels.
You visited the Abyss 1 time.

You collected 493 gold pieces.

Inventory:

Hand Weapons
 G - a +1 flail of crushing (weapon)
Armour
 g - a +0 plate armour (worn)
 m - a +0 pair of gloves (worn)
 s - a +0 cloak (worn)
Jewellery
 h - a +5 amulet of reflection (around neck)
 l - a ring of poison resistance (right hand)
 B - a cursed +4 ring of intelligence (left hand)
Wands
 I - a wand of acid (4/15)
Scrolls
 e - a scroll of enchant armour {unknown}
 i - 3 scrolls of amnesia
 u - 4 scrolls of remove curse
 w - a scroll of immolation {unknown}
 x - a scroll of vulnerability {unknown}
 y - 4 scrolls of brand weapon
 H - 2 scrolls of acquirement {unknown}
 L - a scroll of fog
 N - a scroll of recharging {unknown}
 P - a scroll of enchant weapon {unknown}
Potions
 b - a potion of heal wounds
 d - a potion of brilliance {unknown}
 f - 2 potions of mutation
 k - 2 potions of might
 n - 7 potions of curing
 o - 2 potions of ambrosia {unknown}
 q - 2 potions of resistance {unknown}
 r - a potion of haste {unknown}
 v - a potion of magic {unknown}
 J - a potion of cancellation {unknown}
Comestibles
 a - 4 chunks of flesh
 c - 9 bread rations
 j - 3 royal jellies
 p - 5 fruits
 C - a meat ration


   Skills:
 + Level 8.2 Fighting
 - Level 16.0 Maces & Flails
 + Level 7.3 Armour
 - Level 0.8 Dodging
 - Level 8.0 Invocations


You had 11 spell levels left.
You didn't know any spells.

Dungeon Overview and Level Annotations

Branches:
Dungeon (10/15)            Temple (0/1) D:6            Lair (2/6) D:9
    Orc (0/2) D:10
  Swamp: Lair:2-4    Shoals: Lair:2-4     Snake: Lair:2-4    Spider: Lair:2-4

Altars:
Ashenzari
Cheibriados
Dithmenos
Gozag
Hepliaklqana
Kikubaaqudgha
Makhleb
Nemelex Xobeh
Qazlal
Ru
Vehumet
Xom
Zin
The Shining One

Shops:
D:3 *   D:4 %   D:6 [   D:8 }

Annotations:
D:10 Fannar


Innate Abilities, Weirdness & Mutations

You cannot be hasted, slowed, berserked, paralysed or teleported.
You can dig through walls and to a lower floor.
Your four strong arms can wield two-handed weapons with a shield.
You have a pair of large antennae on your head. (SInv)


Message History

Lugonu accepts your kill.
You closely miss the spiny frog. The spiny frog completely misses you.
You thump the spiny frog!
The spiny frog is moderately wounded.
The spiny frog stings you!
* * * LOW HITPOINT WARNING * * *
You hit the spiny frog but do no damage.
The spiny frog is moderately wounded.
The spiny frog stings you!
* * * LOW HITPOINT WARNING * * *
You are poisoned.
The spiny frog poisons you!
You bludgeon the spiny frog!!
The spiny frog is almost dead.
You feel sick. The spiny frog stings you!
* * * LOW HITPOINT WARNING * * *
You closely miss the spiny frog.
The spiny frog is almost dead.
You feel sick. The spiny frog stings you!!
You die...

#.................#....##...
{#..(.(...#............P##..P
{#........##.......##..###...
#.#......######.####..##.#.#
#..........###...##P#..####.#
#.......................####.#
...........FF..................
...#...###..###F#.#..#.#.###P.#
.##### #####@####P####.# ####
### ### ###


You could see a spiny frog.

Vanquished Creatures
  2 two-headed ogres
  The ghost of Ferkelamun the Carver, a novice HaFi of Uskayaw (D:8)
  The ghost of ThePrince the Cleaver, a novice MiBe of Trog (D:9)
  An elephant (D:9)
  A black mamba (Lair:2)
  6 spiny frogs
  A rime drake (Lair:1)
  2 komodo dragons (Lair:1)
  3 hippogriffs (Lair:1)
  3 blink frogs (Lair:1)
  Sigmund (D:2)
  Eustachio (D:4)
  A spriggan (Lair:1)
  2 basilisks
  19 yaks
  2 hungry ghosts (D:9)
  2 water moccasins (Lair:1)
  3 porcupines (Lair:1)
  Duvessa (D:6)
  3 sky beasts
  An orc warrior (D:9)
  3 ice beasts
  A phantom (D:10)
  An ogre (D:6)
  A centaur (D:7)
  2 crocodiles (D:9)
  A big kobold (D:7)
  Blork the orc (D:5)
  5 bullfrogs
  A gnoll sergeant (D:9)
  A wyvern zombie (D:10)
  Dowan (D:6)
  2 scorpions
  3 killer bees (D:8)
  7 wights
  3 howler monkeys
  A crimson imp (D:7)
  3 quasits
  3 orc priests
  8 orc wizards
  A bullfrog skeleton (D:9)
  3 hounds
  A jelly (D:9)
  Crazy Yiuf (D:2)
  Natasha (thrice) (D:2)
  A centaur skeleton (D:5)
  4 worker ants
  10 gnolls
  6 adders
  3 adder zombies
  2 worms
  An adder skeleton (D:4)
  3 dart slugs (D:1)
  4 leopard geckos
  35 orcs
  10 bats
  5 giant cockroaches
  13 goblins
  8 hobgoblins
  8 jackals
  2 quokkas
  2 ball pythons (D:2)
  8 frilled lizards
  13 kobolds
  A quokka zombie (D:9)
  5 rats
  5 plants (Lair:1)
263 creatures vanquished.

Vanquished Creatures (others)
  A fungus (Lair:2)
1 creature vanquished.

Grand Total: 264 creatures vanquished

Notes
Turn   | Place    | Note
-------+----------+-------------------------------------------
     0 | Abyss:1  | polve the Formicid Abyssal Knight began the quest for the Orb.
     0 | Abyss:1  | Reached XP level 1. HP: 18/18 MP: 2/2
    50 | Abyss:1  | Noticed a spatial maelstrom
    53 | Abyss:1  | Noticed a tentacled starspawn
    54 | D:1      | Escaped the Abyss
   387 | D:1      | Reached XP level 2. HP: 15/24 MP: 3/3
   580 | D:1      | Reached skill level 3 in Maces & Flails
   594 | D:1      | Reached * piety under Lugonu
   726 | D:1      | Reached XP level 3. HP: 29/29 MP: 4/4
  1422 | D:2      | Noticed Sigmund
  1427 | D:2      | Reached skill level 9 in Maces & Flails
  1427 | D:2      | Reached XP level 4. HP: 24/35 MP: 5/5
  1430 | D:2      | Reached skill level 11 in Maces & Flails
  1430 | D:2      | Reached XP level 5. HP: 28/49 MP: 6/6
  1441 | D:2      | Killed Sigmund
  1441 | D:2      | Reached XP level 6. HP: 34/56 MP: 7/7
  1610 | D:2      | Noticed Natasha
  1620 | D:2      | Killed Natasha
  2002 | D:2      | Reached XP level 7. HP: 60/61 MP: 8/8
  2018 | D:2      | Noticed Natasha
  2033 | D:2      | Killed Natasha
  2080 | D:2      | Reached ** piety under Lugonu
  2177 | D:2      | Found a runed door.
  2181 | D:2      | Noticed Crazy Yiuf
  2188 | D:2      | Killed Crazy Yiuf
  2367 | D:2      | Noticed Natasha
  2386 | D:2      | Killed Natasha
  2718 | D:3      | Found a shadowy altar of Dithmenos.
  2721 | D:3      | Found a glowing golden altar of the Shining One.
  2721 | D:3      | Found a sparkling altar of Nemelex Xobeh.
  2722 | D:3      | Found an opulent altar of Gozag.
  2796 | D:3      | Found Zin's Purification Station.
  2797 | D:3      | Found a glowing silver altar of Zin.
  3284 | D:4      | Found Jowutos's Food Shoppe.
  3309 | D:4      | Found a burning altar of Makhleb.
  3314 | D:4      | Noticed Eustachio
  3314 | D:4      | Found a shattered altar of Ashenzari.
  3532 | D:4      | Killed Eustachio
  3532 | D:4      | Reached XP level 8. HP: 33/68 MP: 9/9
  4262 | D:5      | Entered Level 5 of the Dungeon
  4446 | D:5      | Noticed Blork the orc
  4478 | D:5      | Killed Blork the orc
  4855 | D:5      | Reached skill level 12 in Maces & Flails
  5166 | D:6      | Found a radiant altar of Vehumet.
  5187 | D:6      | Found a staircase to the Ecumenical Temple.
  5188 | D:6      | Noticed Duvessa
  5191 | D:6      | Noticed Dowan
  5204 | D:6      | Killed Duvessa
  5204 | D:6      | Reached XP level 9. HP: 63/74 MP: 10/12
  5219 | D:6      | Killed Dowan
  5343 | D:6      | Reached *** piety under Lugonu
  5372 | D:6      | Found a stormy altar of Qazlal.
  5518 | D:6      | Found a sacrificial altar of Ru.
  5737 | D:6      | Reached skill level 5 in Invocations
  6150 | D:6      | Found Feesh's Antique Armour Shop.
  7192 | D:8      | Found Lainkil's Gadget Emporium.
  7210 | D:8      | Noticed Ferkelamun's ghost (novice HaFi)
  7241 | D:8      | Killed Ferkelamun's ghost
  7241 | D:8      | Reached XP level 10. HP: 44/80 MP: 13/15
  7496 | D:8      | Found an ancient bone altar of Kikubaaqudgha.
  7760 | D:8      | Noticed a two-headed ogre
  7770 | D:8      | Killed a two-headed ogre
  8061 | D:8      | Found a shimmering altar of Xom.
  8085 | D:8      | Reached **** piety under Lugonu
  8135 | D:8      | Found a hazy altar of Hepliaklqana.
  8537 | D:9      | Found a staircase to the Lair.
  8537 | D:9      | Noticed ThePrince's ghost (novice MiBe)
  8544 | D:9      | Noticed an elephant
  8571 | D:9      | Killed an elephant
  8597 | D:9      | Reached skill level 13 in Maces & Flails
  8821 | D:9      | Killed ThePrince's ghost
  9115 | D:9      | Reached XP level 11. HP: 76/86 MP: 17/17
 10195 | D:10     | Entered Level 10 of the Dungeon
 10206 | D:10     | Noticed Fannar
 10246 | D:10     | Found a snail-covered altar of Cheibriados.
 10246 | D:10     | Noticed a two-headed ogre
 10255 | D:9      | Reached skill level 14 in Maces & Flails
 10335 | D:10     | Noticed a two-headed ogre
 10344 | D:10     | Killed a two-headed ogre
 10488 | D:10     | Found a staircase to the Orcish Mines.
 10515 | D:10     | Reached ***** piety under Lugonu
 10827 | D:10     | Found a shimmering altar of Xom.
 10881 | D:10     | HP: 1/86 [two-headed ogre/giant club (7)]
 11239 | Lair:1   | Entered Level 1 of the Lair of Beasts
 12071 | Lair:1   | Reached skill level 15 in Maces & Flails
 12560 | Lair:1   | Reached XP level 12. HP: 54/92 MP: 18/18
 14401 | Lair:2   | Reached skill level 16 in Maces & Flails
 14619 | Lair:2   | HP: 4/92 [spiny frog (12)]
 14628 | Lair:2   | Slain by a spiny frog

Skill      XL: |  1  2  3  4  5  6  7  8  9 10 11 12 |
---------------+-------------------------------------+-----
Maces & Flails | 3 9 11 12 13 15 16 | 16.0
Armour         | 7 |  7.3
Fighting       | 7 8 |  8.2
Invocations    | 4 7 8 |  8.0
Dodging        | |  0.8

Action                   |  1- 3 |  4- 6 |  7- 9 | 10-12 || total
-------------------------+-------+-------+-------+-------++-------
Melee: Mace              |    88 |    44 |   223 |       ||   355
       Flail             |       |       |   165 |   447 ||   612
       Morningstar       |       |       |   133 |   301 ||   434
Invok: Depart the Abyss  |     1 |       |       |       ||     1
 Abil: Dig               |       |       |     1 |     4 ||     5
  Use: Potion            |     1 |     1 |     1 |     5 ||     8
       Scroll            |       |       |     6 |     5 ||    11
  Eat: Chunk             |     2 |     2 |    16 |    21 ||    41
       Fruit             |       |       |       |     4 ||     4
       Meat ration       |       |       |       |     1 ||     1
Armor: Leather armour    |    19 |       |       |       ||    19
       Plate armour      |    54 |    16 |   339 |   359 ||   768
       Skin              |       |       |     3 |    20 ||    23
Dodge: Dodged            |    59 |     8 |   133 |   162 ||   362
Block: Other             |    23 |     4 |   106 |   119 ||   252
       Reflection        |       |       |     2 |     2 ||     4
